 Dungeon Crawl Stone Soup version 0.25.0-45-g978344163c (webtiles) character file.

Game seed: 18184985166174925001

29997 mortelune the Cleaver (level 13, -3/106 HPs)
             Began as a Formicid Abyssal Knight on July 11, 2020.
             Was a High Priest of Lugonu.
             Slain by a 13-headed hydra (6 damage)
             ... on level 4 of the Lair of Beasts.
             The game lasted 01:05:26 (28097 turns).

mortelune the Cleaver (Formicid Abyssal Knight)    Turns: 28097, Time: 01:05:27

Health: -3/106     AC: 29    Str: 24    XL:     13   Next: 85%
Magic:  7/7        EV:  4    Int: 14    God:    Lugonu [*****.]
Gold:   3616       SH:  9    Dex: 10    Spells: 12/12 levels left

rFire    + + .     SeeInvis +   m - +5 executioner's axe (antimagic)
rCold    + . .     Gourm    .   y - +1 buckler
rNeg     . . .     Faith    .   O - +3 crystal plate armour
rPois    +         Spirit   .   (helmet unavailable)
rElec    +         Reflect  +   b - scarf {rC+ rF+}
rCorr    .         Harm     .   P - +0 pair of gloves
MR       +....                  i - +2 pair of boots {Fly}
Stlth    ..........             Q - amulet of reflection
HPRegen  0.27/turn              M - ring of Circularity {+Inv Str+2 Slay+4 Stlth-}
MPRegen  0.10/turn              F - ring of Sophism {*Drain rElec rPois rF+ Int+2}

@: flying
A: permanent stasis, dig shafts and tunnels, four strong arms, antennae 3
a: Dig, Shaft Self, Depart the Abyss, Bend Space, Banish, Corrupt, Enter the
Abyss, Renounce Religion, Evoke Invisibility, Stop Flying


You were on level 4 of the Lair of Beasts.
You worshipped Lugonu.
Lugonu was extremely pleased with you.
You were very hungry.

You visited 3 branches of the dungeon, and saw 16 of its levels.
You visited the Abyss 1 time.
You also visited: Ossuary and Bailey.

You collected 4748 gold pieces.
You spent 1132 gold pieces at shops.

Inventory:

Hand Weapons
 m - a +5 antimagic executioner's axe (weapon)
 w - the +7 falchion of Sunlight {vorpal, rF+ Int-5 Dex+7}
   (You found it on level 2 of the Lair of Beasts)

   It inflicts extra damage upon your enemies.
   It affects your intelligence (-5).
   It affects your dexterity (+7).
   It protects you from fire.
Missiles
 q - 75 poisoned darts (quivered)
 B - 7 boomerangs
 X - 13 boomerangs of dispersal
Armour
 b - a scarf of resistance (worn)
 d - the +6 scale mail of the Spider Nest {Dex+4 Stlth+}
   (You found it on level 2 of the Lair of Beasts)

   It affects your dexterity (+4).
   It makes you more stealthy.
 i - a +2 pair of boots of flying (worn)
 v - the +0 ring mail of the Endless Expanse {Str+2}
   (You found it on level 4 of the Dungeon)

   It affects your strength (+2).
 y - a +1 buckler (worn)
 O - a +3 crystal plate armour (worn)
 P - a +0 pair of gloves (worn)
Jewellery
 s - an uncursed ring of ice
 C - a +4 ring of protection
 F - the ring of Sophism (right hand) {*Drain rElec rPois rF+ Int+2}
   (You bought it in a shop on level 1 of the Orcish Mines)

   [ring of protection from fire]

   It affects your intelligence (+2).
   It protects you from fire.
   It insulates you from electricity.
   It protects you from poison.
   It causes draining when unequipped.
 M - the ring of Circularity (left hand) {+Inv Str+2 Slay+4 Stlth-}
   (You found it in a bailey)

   [ring of slaying]

   It affects your strength (+2).
   It affects your accuracy and damage with ranged weapons and melee attacks
   (+4).
   It lets you turn invisible.
   It makes you less stealthy.
 Q - an amulet of reflection (around neck)
 W - an uncursed amulet of the acrobat
Wands
 D - a wand of digging (1)
 E - a wand of paralysis (6)
 I - a wand of flame (14)
 R - a wand of polymorph (3)
 Y - a wand of clouds (12)
Scrolls
 a - a scroll of summoning
 e - 2 scrolls of fear
 f - 5 scrolls of fog
 n - 3 scrolls of amnesia
 o - 3 scrolls of remove curse
 r - a scroll of silence {unknown}
 z - 3 scrolls of immolation
 S - a scroll of magic mapping
 T - 2 scrolls of holy word
 U - a scroll of brand weapon {unknown}
Potions
 g - 4 potions of haste
 h - 5 potions of stabbing
 j - 3 potions of might
 k - 7 potions of heal wounds
 l - 6 potions of resistance
 p - 7 potions of curing
 u - 7 potions of brilliance
 x - 3 potions of mutation
 A - 2 potions of cancellation
 H - 2 potions of flight
 K - a potion of experience {unknown}
 N - 2 potions of lignification
 V - a potion of invisibility
Miscellaneous
 L - a phial of floods
 Z - a lightning rod (4/4)
Comestibles
 c - 25 rations


   Skills:
 + Level 11.6 Fighting
 * Level 13.8 Axes
 + Level 11.3 Armour
 - Level 0.9 Dodging
 - Level 10.7 Invocations
 * Level 5.7 Evocations


You had 12 spell levels left.
You didn't know any spells.
Your spell library contained the following spells:

 Spells                   Type           Power        Failure   Level  Hunger
 Infusion                 Chrm           #...         100%        1    ##.....
 Magic Dart               Conj           #...         100%        1    ##.....
 Call Imp                 Summ           #.......     100%        2    ###....
 Shroud of Golubria       Chrm/Tloc      #.....       100%        2    ###....
 Slow                     Hex            #.......     100%        2    ###....
 Song of Slaying          Chrm           #.......     100%        2    ###....
 Confusing Touch          Hex            #.......     100%        3    ####...
 Conjure Flame            Conj/Fire      #.......     100%        3    ####...
 Gell's Gravitas          Tloc           #.........   100%        3    ####...
 Mephitic Cloud           Conj/Pois/Air  #.......     100%        3    ####...
 Ozocubu's Armour         Chrm/Ice       #.......     100%        3    ####...
 Spectral Weapon          Hex/Chrm       #.......     100%        3    ####...
 Petrify                  Tmut/Erth      #.......     100%        4    #####..
 Metabolic Englaciation   Hex/Ice        #.........   100%        5    ######.
 Yara's Violent Unravell  Hex/Tmut       #.........   100%        5    ######.
 Blink                    Tloc           Unusable     N/A         2    N/A

Dungeon Overview and Level Annotations

Branches:
Dungeon (11/15)            Temple (0/1) D:4            Lair (4/6) D:10
 Shoals (0/4) Lair:3       Spider (0/4) Lair:3          Orc (1/2) D:9
Ossuary (visited)          Bailey (visited)

Altars:
Dithmenos
Fedhas
Gozag
Hepliaklqana
Kikubaaqudgha
Nemelex Xobeh
Sif Muna
Trog
Uskayaw
Yredelemnul

Shops:
D:10 !   D:11 (*[=   Orc:1 =

Annotations:
Lair:1 exclusion: oklob plant
Lair:2 2 transporters, corrupted
Abyss:1 Snorg


Innate Abilities, Weirdness & Mutations

You cannot be hasted, slowed, berserked, paralysed or teleported.
You can dig through walls and to a lower floor.
Your four strong arms can wield two-handed weapons with a shield.
You have a pair of large antennae on your head. (SInv)


Message History

The 12-headed hydra bites you.
You hack one of the 12-headed hydra's heads off!
The 11-headed hydra grows two more!
You slice the 13-headed hydra!!
The 13-headed hydra is severely wounded.
You slice the plant!!
You destroy the plant!
The 13-headed hydra bites you but does no damage.
You block the 13-headed hydra's attack. The 13-headed hydra bites you!
* * * LOW HITPOINT WARNING * * *
The 13-headed hydra bites you but does no damage.
You block the 13-headed hydra's attack. The 13-headed hydra bites you.
* * * LOW HITPOINT WARNING * * *
The 13-headed hydra bites you but does no damage. x3
The 13-headed hydra completely misses you.
The 13-headed hydra bites you!
* * * LOW HITPOINT WARNING * * *
The 13-headed hydra bites you!
* * * LOW HITPOINT WARNING * * *
The 13-headed hydra bites you.
You die...

.........##...##.#...
........#.#P.##.#...
............P#..>$
.................
...#.......##.#.. .
##........## .
#.......#.##
#.P.##.....# .....
###D@.# ###.##
#....P....# #.#
#.........$# ..
...#.#......#
##..#..#>....# ###..
..#.## #. ....# #.
....#


You could see a 13-headed hydra.

Vanquished Creatures
  3 two-headed ogres (D:10)
  A queen ant (Lair:3)
  Nergalle (Lair:3)
  4 lindwurms (Lair:2)
  An ugly thing (D:11)
  An orc knight (Bailey)
  A wolf spider (Lair:3)
  A black mamba (Lair:2)
  A merfolk siren (Lair:3)
  2 spiny frogs
  A gargoyle (D:11)
  2 komodo dragons
  11 blink frogs
  7 hippogriffs
  2 wyverns
  A spriggan (D:8)
  23 yaks
  A basilisk (D:11)
  2 wargs (Orc:1)
  2 water moccasins
  8 soldier ants (Lair:3)
  15 porcupines
  2 black bears
  An ice beast (D:10)
  7 sky beasts
  13 orc warriors
  3 phantoms
  An eye of draining (D:11)
  6 ogres
  7 centaurs
  2 crocodiles (Lair:2)
  17 bullfrogs
  A gnoll sergeant (D:9)
  6 scorpions
  A troll zombie (Ossuary)
  6 killer bees
  3 wights (D:7)
  3 howler monkeys (D:10)
  2 electric eels (Lair:3)
  3 bullfrog zombies
  4 centaur zombies
  4 crimson imps
  6 hounds
  3 quasits
  5 jellies
  A human zombie (Ossuary)
  2 bullfrog skeletons
  8 orc priests
  3 centaur skeletons
  Jessica (D:3)
  36 worker ants
  5 iguanas
  13 orc wizards
  2 hound skeletons
  7 mummies (Ossuary)
  A howler monkey zombie (D:7)
  Robin (D:4)
  13 adders
  28 gnolls
  2 howler monkey skeletons
  2 shadow imps
  2 oozes (D:1)
  6 adder zombies
  An adder skeleton (D:9)
  2 worms
  2 dart slugs
  2 leopard geckos
  73 orcs
  6 bats
  3 giant cockroaches
  28 goblins
  22 hobgoblins
  10 jackals
  6 kobolds
  4 quokkas
  5 frilled lizards
  4 goblin zombies
  8 hobgoblin zombies (Ossuary)
  A jackal skeleton (D:5)
  A kobold zombie (Ossuary)
  An orc zombie (Ossuary)
  A quokka skeleton (D:4)
  4 quokka zombies
  10 rats
  4 rat zombies
  A bush (Lair:3)
  A butterfly (D:4)
  3 fungi
  5 plants
538 creatures vanquished.

Vanquished Creatures (others)
  An orc warlord (Bailey)
  The ghost of xccam the Party-goer, a journeyman OpAs of Uskayaw (Lair:2)
  3 orc knights (Bailey)
  2 moths of wrath (Lair:2)
  2 hornets (Lair:2)
  7 spriggans (Lair:2)
  3 orc warriors (Bailey)
  A gnoll (Bailey)
  A goblin (Bailey)
  A bush (Lair:3)
  2 butterflies (Lair:2)
  11 fungi
  7 plants
  7 starspawn tentacles (Lair:2)
49 creatures vanquished.

Grand Total: 587 creatures vanquished

Notes
Turn   | Place    | Note
-------+----------+-------------------------------------------
     0 | Abyss:1  | mortelune the Formicid Abyssal Knight began the quest for
                  | the Orb.
     0 | Abyss:1  | Reached XP level 1. HP: 18/18 MP: 2/2
     6 | Abyss:1  | Found a corrupted altar of Lugonu.
    30 | Abyss:1  | Noticed a worldbinder
    31 | D:1      | Escaped the Abyss
   243 | D:1      | Reached XP level 2. HP: 20/24 MP: 3/3
   366 | D:1      | Reached * piety under Lugonu
   794 | D:1      | Reached XP level 3. HP: 29/29 MP: 4/4
  1406 | D:2      | Reached XP level 4. HP: 21/37 MP: 5/5
  1897 | D:2      | Reached skill level 3 in Axes
  2987 | D:3      | Reached XP level 5. HP: 31/42 MP: 6/6
  3457 | D:3      | Found a blossoming altar of Fedhas.
  3698 | D:2      | Reached ** piety under Lugonu
  4086 | D:3      | Reached XP level 6. HP: 36/49 MP: 5/7
  4795 | D:3      | Reached skill level 4 in Axes
  4857 | D:3      | Noticed Jessica
  4864 | D:3      | Killed Jessica
  4864 | D:3      | Reached skill level 5 in Fighting
  5964 | D:4      | Found a staircase to the Ecumenical Temple.
  6033 | D:4      | Reached XP level 7. HP: 21/56 MP: 3/8
  6214 | D:4      | Found a sand-covered staircase.
  6222 | Ossuary  | Entered an ossuary
  6681 | Ossuary  | Reached *** piety under Lugonu
  6751 | Ossuary  | Reached skill level 5 in Axes
  6924 | Ossuary  | HP: 2/56 [mummy (8)]
  7238 | Ossuary  | Reached skill level 5 in Armour
  8212 | Ossuary  | Reached XP level 8. HP: 31/64 MP: 4/10
  8687 | D:4      | Noticed Robin
  8704 | D:4      | Killed Robin
  9302 | D:4      | Reached skill level 6 in Axes
 10874 | D:4      | Got a pitted ring mail
 10885 | D:4      | Identified the cursed +0 ring mail of the Endless Expanse
                  | {Str+2} (You found it on level 4 of the Dungeon)
 10931 | D:5      | Entered Level 5 of the Dungeon
 10974 | D:5      | Reached XP level 9. HP: 70/71 MP: 12/12
 11120 | D:5      | Found a faded altar of an unknown god.
 11120 | D:5      | Found an ancient bone altar of Kikubaaqudgha.
 11256 | D:5      | Found a shadowy altar of Dithmenos.
 11262 | D:5      | Found a hazy altar of Hepliaklqana.
 11283 | D:5      | Reached **** piety under Lugonu
 11596 | D:5      | Reached skill level 7 in Axes
 11995 | D:5      | Found a faded altar of an unknown god.
 11997 | D:5      | Found a hide-covered altar of Uskayaw.
 11999 | D:5      | Found a shimmering blue altar of Sif Muna.
 12180 | D:6      | Reached skill level 5 in Invocations
 12327 | D:6      | Identified a scroll of acquirement
 12327 | D:6      | Acquired a +2 crystal plate armour
 13154 | D:6      | Reached skill level 8 in Axes
 13192 | D:6      | Found a sparkling altar of Nemelex Xobeh.
 13197 | D:6      | Found an opulent altar of Gozag.
 13203 | D:6      | Found a basalt altar of Yredelemnul.
 13499 | D:7      | Reached XP level 10. HP: 69/79 MP: 12/14
 13988 | D:7      | Reached skill level 9 in Axes
 14370 | D:8      | Reached ***** piety under Lugonu
 15521 | D:9      | Found a staircase to the Orcish Mines.
 15598 | D:9      | Found a flagged portal.
 15614 | Bailey   | Entered a bailey
 15869 | Bailey   | Reached skill level 10 in Axes
 16020 | Bailey   | Reached XP level 11. HP: 87/87 MP: 16/16
 16073 | Bailey   | Noticed an orc knight
 16073 | Bailey   | Noticed an orc knight
 16092 | Bailey   | Banished an orc knight
 16129 | Bailey   | Killed an orc knight
 16397 | Bailey   | Noticed an orc knight
 16397 | Bailey   | Noticed an orc knight
 16397 | Bailey   | Noticed an orc warlord
 16435 | Bailey   | Corrupted Bailey
 16435 | Bailey   | Noticed a large abomination
 16435 | Bailey   | Noticed a thrashing horror
 16437 | Bailey   | Noticed a rakshasa
 16439 | Bailey   | Noticed a starcursed mass
 16444 | Bailey   | Killed an orc knight
 16447 | Bailey   | Killed an orc knight
 16450 | Bailey   | Killed an orc warlord
 16745 | Bailey   | Got a glittering turquoise ring
 16974 | Bailey   | Identified the ring of Circularity {+Inv Str+2 Slay+4
                  | Stlth-} (You found it in a bailey)
 16981 | Bailey   | Acquired a +0 pair of boots of flying
 16983 | Bailey   | Acquired a +3 antimagic executioner's axe
 18422 | D:10     | Entered Level 10 of the Dungeon
 18532 | D:10     | Found Nyanaonk's Distillery.
 18538 | D:10     | Bought a potion of heal wounds for 60 gold pieces
 18538 | D:10     | Bought a potion of curing for 36 gold pieces
 18538 | D:10     | Bought a potion of lignification for 36 gold pieces
 18538 | D:10     | Bought a potion of heal wounds for 60 gold pieces
 18538 | D:10     | Bought a potion of heal wounds for 60 gold pieces
 18538 | D:10     | Bought a potion of resistance for 120 gold pieces
 18653 | D:10     | Reached skill level 11 in Axes
 18663 | D:10     | Found a staircase to the Lair.
 18673 | D:10     | Noticed a two-headed ogre
 18693 | D:10     | Killed a two-headed ogre
 18735 | D:10     | Noticed a two-headed ogre
 18751 | D:10     | Killed a two-headed ogre
 19112 | D:10     | Noticed a two-headed ogre
 19116 | D:10     | Killed a two-headed ogre
 19116 | D:10     | Reached XP level 12. HP: 93/97 MP: 4/19
 19508 | D:10     | Reached skill level 10 in Fighting
 19946 | D:11     | Found Wioh's Antique Weapon Shoppe.
 19961 | D:11     | Reached skill level 12 in Axes
 20279 | D:11     | Found Nuddoati's General Store.
 20282 | D:11     | Bought a scroll of identify for 26 gold pieces
 20282 | D:11     | Bought a scroll of summoning for 123 gold pieces
 20282 | D:11     | Bought a scroll of identify for 26 gold pieces
 20320 | D:11     | Found Nonyess's Armour Shop.
 20355 | D:11     | Reached skill level 10 in Armour
 20729 | D:11     | Found Intineal's Jewellery Emporium.
 20958 | D:11     | Reached skill level 10 in Invocations
 21272 | Orc:1    | Entered Level 1 of the Orcish Mines
 21441 | Orc:1    | Found Fytyat's Jewellery Emporium.
 21760 | Orc:1    | Bought the ring of Sophism {*Drain rElec rPois rF+ Int+2}
                  | for 585 gold pieces
 21871 | Lair:1   | Entered Level 1 of the Lair of Beasts
 23355 | Lair:2   | Got a smoking scale mail
 23356 | Lair:2   | Identified the +6 scale mail of the Spider Nest {Dex+4
                  | Stlth+} (You found it on level 2 of the Lair of Beasts)
 23477 | Lair:2   | Identified the cursed +1 trident of Yesterday {venom, *Rage
                  | *Slow rPois Str+9}
 23477 | Lair:2   | Noticed a spriggan rider
 23479 | Lair:2   | Noticed xccam's ghost (journeyman OpAs)
 23482 | Lair:2   | Found a bloodstained altar of Trog.
 23482 | Lair:2   | Identified the +6 spear of Cujilyahiu {vamp, SInv}
 23482 | Lair:2   | Noticed a spriggan rider
 23527 | Lair:2   | Got a dazzling falchion
 23579 | Lair:2   | Noticed a six-headed hydra
 23588 | Lair:2   | Banished an eight-headed hydra
 23588 | Lair:2   | Reached XP level 13. HP: 61/105 MP: 6/20
 23624 | Lair:2   | Reached skill level 13 in Axes
 23976 | Lair:2   | Noticed a seven-headed hydra
 23979 | Lair:2   | Banished a seven-headed hydra
 23983 | Lair:2   | Reached skill level 1 in Evocations
 24152 | Lair:2   | Found a transporter.
 24302 | Lair:2   | Found a transporter.
 25145 | Lair:2   | Corrupted Lair:2
 25145 | Lair:2   | Noticed a tentacled starspawn
 25149 | Lair:2   | Noticed a tentacled starspawn
 25168 | Lair:2   | Killed xccam's ghost
 25358 | Lair:2   | Identified the +7 falchion of Sunlight {vorpal, rF+ Int-5
                  | Dex+7} (You found it on level 2 of the Lair of Beasts)
 25547 | Lair:3   | Noticed Snorg
 26389 | Lair:3   | Found a hole to the Spider Nest.
 26491 | Lair:3   | Noticed Nergalle
 26499 | Lair:3   | Killed Nergalle
 26775 | Lair:3   | Reached skill level 5 in Evocations
 26912 | Lair:3   | Acquired 3280 gold pieces
 26953 | Lair:3   | Banished Snorg
 27783 | Lair:3   | Found a staircase to the Shoals.
 28088 | Lair:4   | Noticed a six-headed hydra
 28097 | Lair:4   | HP: 3/106 [13-headed hydra (9)]
 28097 | Lair:4   | Slain by a 13-headed hydra

Illustrated notes

Levels and vault maps discovered:
D:1:      onia_arrival_handbag, layout_basic
D:2:      layout_loops_corners, first_ration, feat_on_display
D:3:      layout_basic, fedhas_altar_2, uniq_jessica
D:4:      layout_basic, minmay_temple_entry_butterflies, enter_ossuary_4,
          uniq_robin
D:5:      layout_loops_corners, riverfiend_overflow_shadow_ancestor,
          chequers_temple_overflow_minitemple
D:6:      layout_loops_ring, minmay_overflow_temple_star_quad
D:7:      layout_rooms
D:8:      layout_cave_pools, the_bakery, nicolae_zen_rock_garden, minivault_24,
          minmay_circle_x
D:9:      layout_layer_cave, orc_0_dummy, enter_bailey_2, due_unseen_surprise
D:10:     cheibrodos_barr_body, layout_long_grid, due_lair_maze_entry_diamond,
          serial_shops, nicolae_shop_stone
D:11:     layout_loops_ring, serial_shops,
          nicolae_shop_competitors_out_of_business, shop, nicolae_shop_trees,
          nicolae_shop_behind_doors
Lair:1:   layout_small_grid, st_stairs_12, infiniplex_staircase_pool,
          minmay_lair_oklob_chamber, lemuel_fruit_tree
Lair:2:   layout_cave_pods, gammafunk_ghost_wrathful_warriors,
          minmay_lindwurm_lava, lemuel_fruit_fields, serial_bayou_shore_b
Lair:3:   layout_regular_city, minmay_shoals_entry_lonely_mermaid,
          spider_nest_entry_rubble, serial_bayou, serial_bayou_pond_e,
          serial_bayou_pond_d, serial_bayou_lagoon_b, serial_bayou_pond_a,
          st_stairs_6, zaba_antful_of_joy, infiniplex_staircase_pool_2,
          uniq_nergalle, uniq_snorg
Lair:4:   layout_loops_ring, kb_xom_exploding_sheep
Orc:1:    layout_caves, serial_shops, nicolae_shop_window_shopping,
          nicolae_orc_rockfall

Skill      XL: |  1  2  3  4  5  6  7  8  9 10 11 12 13 |
---------------+----------------------------------------+-----
Armour         | 3 4 5 6 7 8 9 10 11 | 11.3
Fighting       | 4 5 6 7 8 9 10 11 | 11.6
Axes           | 3 4 5 6 8 10 11 12 13 | 13.8
Invocations    | 3 4 6 7 9 10 | 10.7
Evocations     | 5 |  5.7
Dodging        | |  0.9

Action                   |  1- 3 |  4- 6 |  7- 9 | 10-12 | 13-15 || total
-------------------------+-------+-------+-------+-------+-------++-------
Melee: Hand axe          |    92 |   269 |   459 |       |       ||   820
       War axe           |       |       |   184 |   406 |       ||   590
       Executioner's axe |       |       |       |   328 |   222 ||   550
       Broad axe         |       |       |       |    52 |       ||    52
Throw: Dart              |       |    20 |    33 |    25 |       ||    78
       Boomerang         |       |       |    29 |       |       ||    29
Invok: Depart the Abyss  |     1 |       |       |       |       ||     1
       Banish            |       |       |     1 |     4 |     3 ||     8
       Bend Space        |       |       |       |     2 |       ||     2
       Corrupt           |       |       |       |     1 |     1 ||     2
Evoke: Wand              |       |       |       |     2 |     3 ||     5
  Use: Scroll            |       |     3 |    13 |    17 |     3 ||    36
       Potion            |       |       |     1 |     5 |     2 ||     8
  Eat: Chunk             |     2 |     8 |    10 |    29 |     8 ||    57
       Ration            |       |     2 |     4 |     2 |     2 ||    10
Armor: Ring mail         |    48 |   118 |   161 |       |       ||   327
       Leather armour    |     1 |       |       |       |       ||     1
       Crystal plate arm |       |       |   151 |   849 |   308 ||  1308
Dodge: Dodged            |    58 |   173 |   268 |   189 |    70 ||   758
Block: Buckler           |       |       |       |    95 |   165 ||   260
       Reflection        |       |       |       |     1 |       ||     1
